 Dungeon Crawl Stone Soup version 0.27.1-33-g824d729ab1 (webtiles) character file.

Game seed: 838781389479790833

82 Jack47 the Chopper (level 4, -5/40 HPs)
             Began as a Hill Orc Monk on Dec 13, 2021.
             Slain by an orc (16 damage)
             ... on level 3 of the Dungeon.
             The game lasted 00:06:22 (2922 turns).

Jack47 the Chopper (Hill Orc Monk)                  Turns: 2922, Time: 00:06:24

Health: -5/40      AC: 10    Str: 14    XL:     4   Next: 43%
Magic:  4/4        EV:  4    Int: 10    God:
Gold:   54         SH:  0    Dex: 13    Spells: 3/3 levels left

rFire    . . .     SeeInvis .   a - +0 hand axe
rCold    . . .     Faith    .   (no shield)
rNeg     . . .     Spirit   .   h - +0 plate armour
rPois    +         Reflect  .   (no helmet)
rElec    .         Harm     .   (no cloak)
rCorr    .         Rampage  .   (no gloves)
Will     .....                  (no boots)
Stlth    ..........             (no amulet)
HPRegen  0.13/turn              g - ring of poison resistance
MPRegen  0.09/turn              (no ring)

@: no status effects
A: no striking features
a: no special abilities


You were on level 3 of the Dungeon.
You visited 1 branch of the dungeon, and saw 3 of its levels.

You collected 54 gold pieces.

Inventory:

Hand Weapons
 a - a +0 hand axe (weapon)
Missiles
 d - 2 throwing nets (quivered)
Armour
 b - a +0 robe
 h - a +0 plate armour (worn)
Jewellery
 g - a ring of poison resistance (left hand)
Scrolls
 e - a scroll of identify
 i - a scroll of enchant armour {unknown}
 k - a scroll of amnesia {unknown}
 n - a scroll of teleportation {unknown}
Potions
 c - a potion of flight
 f - 2 potions of attraction {unknown}
 j - a potion of brilliance {unknown}
 l - a potion of might {unknown}
 m - a potion of heal wounds {unknown}


   Skills:
 + Level 4.3 Fighting
 + Level 5.0 Axes
 + Level 1.1 Armour
 + Level 2.9 Dodging
 + Level 2.1 Stealth


You had 3 spell levels left.
You didn't know any spells.
Your spell library was empty.

Dungeon Overview and Level Annotations

Branches:
Dungeon (3/15)

Altars:
Ashenzari
Okawaru


Message History

The orc hits you but does no damage.
An orc comes into view. It is wielding a +0 trident.
You see here a quokka corpse.
The orc shouts!
The orc hits you with a +1 vorpal flail.
An orc comes into view. It is wielding a +0 whip of venom.
The orc shouts!
A gnoll comes into view. It is wielding a +0 whip.
The gnoll shouts!
There is an open door here.
The orc shouts!
The orc hits you with a +0 whip of venom.
Found an iron altar of Okawaru.
The gnoll hits you but does no damage. The orc hits you but does no damage. x2
There is an open door here.
An orc comes into view.
It is wielding a +1 dagger of electrocution.
There is an open door here.
The orc hits you but does no damage.
There is an open door here.
The orc hits you but does no damage.
Found a dagger.
The orc hits you but does no damage. The gnoll hits you with a +0 whip.
There is an open door here.
The orc hits you but does no damage.
There is an open door here.
A worm comes into view.
You hit the worm but do no damage. You hit the orc but do no damage.
The orc hits you but does no damage. The worm bites you.
* * * LOW HITPOINT WARNING * * *
You hit the worm.
The worm is lightly wounded.
You hit the orc but do no damage. The orc hits you but does no damage.
The worm bites you but does no damage.
You hit the worm.
The worm is lightly wounded.
You barely miss the orc.
The orc hits you with a +1 dagger of electrocution.
* * * LOW HITPOINT WARNING * * *
You are electrocuted!
You die...

.####.#######
#.#.o#'###'#
............#
#.#..#.....#
#####)#####.#
#.o##o##'#
#####.#
###..g..#.
......# #.o.o.#..
####### ###o##'#
##.# .#
#.#######o)#.###
#....w@ooo.......
#################


You could see a worm and 4 orcs.

Vanquished Creatures
  2 gnolls (D:3)
  An adder (D:2)
  A worm (D:2)
  A dart slug (D:1)
  2 orcs (D:3)
  5 bats (D:2)
  An endoplasm (D:1)
  3 giant cockroaches (D:2)
  4 goblins
  3 hobgoblins (D:2)
  7 jackals
  4 kobolds
  2 quokkas
  A ball python (D:2)
  A frilled lizard (D:1)
  4 rats
42 creatures vanquished.

Vanquished Creatures (others)
  A plant (D:1)
1 creature vanquished.

Grand Total: 43 creatures vanquished

Notes
Turn   | Place    | Note
-------+----------+-------------------------------------------
     0 | D:1      | Jack47 the Hill Orc Monk began the quest for the Orb.
     0 | D:1      | Reached XP level 1. HP: 19/19 MP: 1/1
   289 | D:1      | Reached XP level 2. HP: 24/27 MP: 2/2
   874 | D:2      | Noticed an eye of devastation
   884 | D:2      | Found a faded altar of an unknown god.
   886 | D:2      | Noticed a shining eye
   887 | D:2      | Noticed a great orb of eyes
   887 | D:2      | Noticed a great orb of eyes
   939 | D:2      | Reached XP level 3. HP: 6/33 MP: 3/3
  1420 | D:2      | Found a broken altar of Ashenzari.
  1982 | D:3      | Reached XP level 4. HP: 13/40 MP: 4/4
  2228 | D:3      | Reached skill level 5 in Axes
  2251 | D:3      | Reached skill level 1 in Armour
  2332 | D:3      | HP: 2/40 [gnoll shaman (8)]
  2786 | D:3      | Noticed a gnoll sergeant
  2897 | D:3      | Found an iron altar of Okawaru.
  2922 | D:3      | Slain by an orc

Illustrated notes

Levels and vault maps discovered:
D:1:      lemuel_arrival_muddy, layout_loops_cross
D:2:      layout_basic, hellmonk_ecumenical_altar_watching_god, basic_altar,
          lemuel_old_faithful
D:3:      lemuel_castle_with_subvaults [lemuel_castle_interior_original],
          layout_loops_ring, mainiacjoe_overflow_24_doors,
          eat_drink_and_be_merry_uskayaw, grunt_ministairs_11

Skill      XL: |  1  2  3  4 |
---------------+-------------+-----
Fighting       | 4 |  4.3
Stealth        | 2 |  2.1
Axes           | 5 |  5.0
Armour         | 1 |  1.1
Dodging        | |  2.9

Action                   |  1- 3 |  4- 6 || total
-------------------------+-------+-------++-------
Melee: Hand axe          |   130 |    62 ||   192
  Use: Scroll            |       |     2 ||     2
 Stab: Sleeping          |     4 |       ||     4
Armor: Robe              |     8 |       ||     8
       Plate armour      |    74 |    54 ||   128
Dodge: Dodged            |    70 |     5 ||    75
